 Dungeon Crawl Stone Soup version 0.27.1-33-g824d729ab1 (webtiles) character file.

Game seed: 13754132186200607503

462 safid the Chopper (level 7, -7/59 HPs)
             Began as a Hill Orc Fighter on Dec 20, 2021.
             Killed from afar by a steam dragon (15 damage)
             ... with a ball of steam
             ... on level 5 of the Dungeon.
             The game lasted 00:09:11 (4284 turns).

safid the Chopper (Hill Orc Fighter)                Turns: 4284, Time: 00:09:12

Health: -7/59      AC: 15    Str: 21    XL:     7   Next: 7%
Magic:  7/7        EV:  4    Int:  8    God:
Gold:   5          SH: 10    Dex: 10    Spells: 6/6 levels left

rFire    . . .     SeeInvis .   a - +0 war axe
rCold    + . .     Faith    .   c - +0 kite shield
rNeg     . . .     Spirit   .   q - +0 plate armour
rPois    .         Reflect  .   (no helmet)
rElec    .         Harm     .   (no cloak)
rCorr    .         Rampage  .   (no gloves)
Will     .....                  (no boots)
Stlth    ..........             (no amulet)
HPRegen  0.19/turn              l - +4 ring of protection
MPRegen  0.10/turn              t - ring of protection from cold

@: no status effects
A: no striking features
a: no special abilities


You were on level 5 of the Dungeon.
You visited 1 branch of the dungeon, and saw 5 of its levels.

You collected 236 gold pieces.
You spent 231 gold pieces at shops.

Inventory:

Hand Weapons
 a - a +0 war axe (weapon)
Missiles
 s - 4 throwing nets
 v - 15 poisoned darts (quivered)
 w - 6 boomerangs
Armour
 c - a +0 kite shield (worn)
 h - a +0 tower shield
 q - a +0 plate armour (worn)
Jewellery
 l - a +4 ring of protection (left hand)
 t - a ring of protection from cold (right hand)
 y - a ring of positive energy
Scrolls
 b - a scroll of enchant armour
 e - 4 scrolls of teleportation
 f - a scroll of enchant weapon {unknown}
 i - 4 scrolls of fog
 j - 3 scrolls of fear
 r - 2 scrolls of blinking
Potions
 d - a potion of might
 g - a potion of cancellation
 k - a potion of ambrosia {unknown}
 n - a potion of mutation {unknown}
 p - 4 potions of curing
 u - a potion of heal wounds {unknown}
 x - a potion of flight {unknown}
 z - a potion of invisibility
 A - a potion of haste


   Skills:
 - Level 4.0 Fighting
 + Level 6.7 Axes
 - Level 4.0 Armour
 + Level 6.1 Shields


You had 6 spell levels left.
You didn't know any spells.
Your spell library contained the following spells:

 Spells                   Type           Power      Damage    Failure   Level
 Freeze                   Ice            0%         1d3       100%        1
 Frozen Ramparts          Ice            0%         1d2       100%        3
 Hailstorm                Conj/Ice       0%         3d3       100%        4


Dungeon Overview and Level Annotations

Branches:
Dungeon (5/15)
 Temple: D:4-7

Altars:

Shops:
D:5 !


Message History

You slash the hound zombie!
The hound zombie is heavily damaged.
The hound zombie bites you but does no damage.
You block the hound zombie's attack.
You slash the hound zombie!
You destroy the hound zombie!
No target in view!
No target in view!
No target in view!
No target in view!
No target in view!
No target in view!
No target in view!
No target in view!
No target in view!
No target in view!
No target in view!
A steam dragon comes into view.
The steam dragon hisses angrily.
The steam dragon breathes steam at you. The ball of steam hits you!!
The steam dragon moves out of view.
There is an open door here.
Unknown command.
Clearing level map.
Unknown command.
There is an open door here.
The steam dragon breathes steam at you. The ball of steam hits you!!
There is an open door here.
The steam dragon breathes steam at you. The ball of steam hits you!
* * * LOW HITPOINT WARNING * * *
You are engulfed in a cloud of scalding steam.
* * * LOW HITPOINT WARNING * * *
You open the door.
You are engulfed in a cloud of scalding steam.
There is an open door here.
The steam dragon breathes steam at you. The ball of steam hits you!
You die...

..........#........#..........#
..........#........'..........#
###+########..####.#..........###
##..## ########.#########.....
.#...# #..........#.....#.....
.#...# #..........#.....#.....
.#...# #>.........+.....#.....
##...# #..........#.....#.....
##...## #.....@....#.....#.....
......# #......§...#.....#.....
.....## ##...###§..##....#.....
.....#######...####'#####'####'##
#....##.............D.§..........
#....##................§.........
.....#..................§§.......
....>###############.##.##D#####+
.....# #######'###...


There were no monsters in sight!

Vanquished Creatures
  An ice beast (D:5)
  An ogre (D:5)
  A hound (D:5)
  A centaur skeleton (D:5)
  An iguana (D:4)
  An orc wizard (D:4)
  A hound zombie (D:5)
  Robin (D:1)
  4 gnolls (D:3)
  5 adders
  A worm (D:4)
  A dart slug (D:1)
  7 orcs
  3 ball pythons
  A bat (D:3)
  6 endoplasms
  2 giant cockroaches
  10 goblins
  6 hobgoblins
  3 quokkas
  2 frilled lizards (D:1)
  7 kobolds
  7 rats
73 creatures vanquished.

Notes
Turn   | Place    | Note
-------+----------+-------------------------------------------
     0 | D:1      | safid the Hill Orc Fighter began the quest for the Orb.
     0 | D:1      | Reached XP level 1. HP: 19/19 MP: 1/1
   189 | D:1      | Reached XP level 2. HP: 20/25 MP: 2/2
   853 | D:2      | Noticed Robin
   878 | D:2      | Reached XP level 3. HP: 33/33 MP: 3/3
   884 | D:1      | Killed Robin
  1111 | D:2      | Reached XP level 4. HP: 38/40 MP: 4/4
  2339 | D:3      | Reached XP level 5. HP: 45/46 MP: 5/5
  2777 | D:4      | Reached skill level 5 in Axes
  2856 | D:4      | Reached skill level 5 in Shields
  3665 | D:5      | Entered Level 5 of the Dungeon
  3745 | D:5      | Reached XP level 6. HP: 51/52 MP: 6/6
  4012 | D:5      | Found Tewnoaru's Distillery.
  4018 | D:5      | Bought a potion of invisibility for 88 gold pieces
  4018 | D:5      | Bought a potion of curing for 33 gold pieces
  4018 | D:5      | Bought a potion of haste for 110 gold pieces
  4184 | D:5      | Noticed an ice beast
  4187 | D:5      | Killed an ice beast
  4188 | D:5      | Reached XP level 7. HP: 59/59 MP: 7/7
  4260 | D:5      | Noticed a steam dragon
  4284 | D:5      | Killed from afar by a steam dragon

Illustrated notes

Levels and vault maps discovered:
D:1:      co_arrival_random_square_maze, layout_loops_ring,
          minmay_tree_intersection
D:2:      layout_rooms, uniq_robin
D:3:      layout_loops_corners, roderic_lattice_a, minmay_misc_feat_alley
D:4:      layout_loops_cross
D:5:      layout_gridville, serial_shops, shop, grunt_decor_clamped

Skill      XL: |  1  2  3  4  5  6 |
---------------+-------------------+-----
Axes           | 3 4 5 6 |  6.7
Fighting       | 4 |  4.0
Armour         | 4 |  4.0
Shields        | 4 5 6 |  6.1

Action                   |  1- 3 |  4- 6 |  7- 9 || total
-------------------------+-------+-------+-------++-------
Melee: War axe           |    66 |   182 |     2 ||   250
Throw: Dart              |       |     3 |       ||     3
  Use: Scroll            |       |     8 |       ||     8
Armor: Scale mail        |    44 |    10 |       ||    54
       Plate armour      |       |   123 |     3 ||   126
Dodge: Dodged            |    18 |    28 |       ||    46
Block: Kite shield       |    36 |   103 |     2 ||   141
